 Dungeon Crawl Stone Soup version 0.23-a0-100-g33897af (webtiles) character file.

363 GrunderHorse the Slasher (level 6, -2/55 HPs)
             Began as a Tengu Berserker on Aug 19, 2018.
             Was a Priest of Trog.
             Slain by a gnoll
             ... wielding a +0 spear
              (10 damage)
             ... on level 3 of the Dungeon.
             The game lasted 00:05:23 (2994 turns).

GrunderHorse the Slasher (Tengu Berserker)          Turns: 2994, Time: 00:05:25

Health: -2/55      AC:  6    Str: 22    XL:     6   Next: 67%
Magic:  4/7        EV: 17    Int:  7    God:    Trog [***...]
Gold:   145        SH:  0    Dex: 20    Spells: 5/5 levels left

rFire    . . .     SeeInvis .   a - +1 falchion
rCold    . . .     Gourm    .   (no shield)
rNeg     . . .     Faith    .   b - +0 animal skin
rPois    .         Spirit   .   (helmet restricted)
rElec    .         Reflect  .   (no cloak)
rCorr    .         Harm     .   (no gloves)
MR       .....                  (boots unavailable)
Stlth    ..........             (no amulet)
HPRegen  0.18/turn              e - +4 ring of protection
MPRegen  0.10/turn              m - +4 ring of dexterity

@: berserking, flying quickly and evasively, very quick
A: beak, talons 3, able to fly 1
a: Berserk, Trog's Hand, Renounce Religion


You were on level 3 of the Dungeon.
You worshipped Trog.
Trog was most pleased with you.
You were hungry.

You visited 1 branch of the dungeon, and saw 3 of its levels.

You collected 145 gold pieces.

Inventory:

Hand Weapons
 a - a +1 falchion (weapon)
Missiles
 n - a throwing net (quivered)
Armour
 b - a +0 animal skin (worn)
Jewellery
 e - a +4 ring of protection (left hand)
 m - a +4 ring of dexterity (right hand)
Scrolls
 d - 4 scrolls of teleportation
 g - a scroll of remove curse {unknown}
 i - 4 scrolls of identify
 j - a scroll of random uselessness {unknown}
 k - 2 scrolls of noise {unknown}
 q - a scroll of enchant armour {unknown}
 r - a scroll of enchant weapon
 s - a scroll of fear {unknown}
Potions
 f - a potion of magic {unknown}
 h - a potion of mutation {unknown}
 l - 3 potions of heal wounds {unknown}
 p - a potion of curing {unknown}
Comestibles
 c - 6 rations
 o - 6 chunks of flesh


   Skills:
 - Level 3.0 Fighting
 + Level 7.3 Long Blades
 - Level 2.1 Armour
 + Level 3.4 Dodging
 - Level 1.0 Stealth


You had 5 spell levels left.
You didn't know any spells.
Your spell library was empty.

Dungeon Overview and Level Annotations

Branches:
Dungeon (3/15)

Altars:
Kikubaaqudgha
Ru
Vehumet
Xom
Yredelemnul


Innate Abilities, Weirdness & Mutations

You have a beak for a mouth.
You have claws for feet.
You can fly.


Message History

The gnoll hits you from afar with a spear.
You are too injured to fight recklessly!
You are too injured to fight recklessly!
You are too injured to fight recklessly!
You are too injured to fight recklessly!
You slash the gnoll! You claw the gnoll.
You kill the gnoll!
Trog accepts your kill. The gnoll hits you but does no damage.
The gnoll misses you.
You slash the gnoll!
The gnoll is heavily wounded.
The gnoll closely misses you. The gnoll hits you but does no damage.
The gnoll hits you with a halberd of chopping.
You hit the gnoll. You peck the gnoll.
You kill the gnoll!
Trog accepts your kill.
The gnoll hits you from afar with a halberd!
* * * LOW HITPOINT WARNING * * *
The gnoll hits you from afar with a spear!
You die...

.#............# #.# #...#
.####.##....### #.############
..#......#### ###(#........#
#...###### #.(.#........#
...#############.#..........#####
....÷...)........(......)........
≈≈≈≈)≈≈)≈≈≈≈≈≈....≈≈≈≈≈≈≈≈≈≈≈≈≈≈≈
≈≈≈≈≈≈≈≈≈≈≈≈≈≈..(.≈≈≈≈≈≈≈≈≈≈≈≈≈≈≈
##≈≈≈≈≈≈≈≈≈≈≈≈.(@)≈≈≈≈≈≈≈≈≈≈≈≈###
.#......)......))g.g.g........#.g
.#############g'g'#############..
'# .#....# #'# .' g.'....'. g.#
.#. ....#....#.. # .##
############# # # #


You could see a gnoll shaman (wandering) and 5 gnolls.

Vanquished Creatures
  A big kobold (D:3)
  An orc wizard (D:3)
  13 gnolls (D:3)
  3 adders
  An ooze (D:3)
  2 worms (D:2)
  A dart slug (D:2)
  2 leopard geckos
  A ball python (D:3)
  6 giant cockroaches
  7 goblins
  9 hobgoblins
  18 jackals
  13 kobolds
  A quokka (D:2)
  13 bats
  6 frilled lizards
  5 rats
103 creatures vanquished.

Notes
Turn   | Place    | Note
-------+----------+-------------------------------------------
     0 | D:1      | GrunderHorse the Tengu Berserker began the quest for the Orb.
     0 | D:1      | Reached XP level 1. HP: 14/14 MP: 2/2
    35 | D:1      | Reached XP level 2. HP: 4/19 MP: 3/3
   315 | D:1      | Reached skill level 4 in Long Blades
   799 | D:1      | Reached XP level 3. HP: 23/23 MP: 4/4
   972 | D:2      | Reached ** piety under Trog
  1226 | D:2      | Reached skill level 5 in Long Blades
  1256 | D:2      | Reached XP level 4. HP: 13/28 MP: 5/5
  1704 | D:2      | Found an ancient bone altar of Kikubaaqudgha.
  2148 | D:3      | Reached *** piety under Trog
  2157 | D:3      | Reached skill level 6 in Long Blades
  2257 | D:3      | Gained mutation: You can fly. [Tengu growth]
  2257 | D:3      | Reached XP level 5. HP: 31/32 MP: 6/6
  2381 | D:3      | Found a basalt altar of Yredelemnul.
  2427 | D:3      | Found a shimmering altar of Xom.
  2446 | D:3      | Noticed a big kobold
  2462 | D:3      | Killed a big kobold
  2462 | D:3      | Reached skill level 1 in Stealth
  2561 | D:3      | Found a sacrificial altar of Ru.
  2570 | D:3      | Reached XP level 6. HP: 37/37 MP: 7/7
  2639 | D:3      | Found a radiant altar of Vehumet.
  2699 | D:3      | Reached skill level 7 in Long Blades
  2994 | D:3      | Slain by a gnoll

Vault maps used:
D:1:      scummos_arrival_simple_fountains
D:2:      nicolae_overflow_hidden_temple, first_ration
D:3:      lemuel_castle_with_subvaults, old_standard_altar, old_standard_altar,
          vehumet_crystals, serial_bayou, serial_bayou_ford_a,
          serial_bayou_pond_d, serial_bayou_pond_c, serial_bayou_pond_e,
          nicolae_ru_great_annihilating_truth

Skill      XL: |  1  2  3  4  5  6 |
---------------+-------------------+-----
Long Blades    | 4 5 6 7 |  7.3
Stealth        | 1 |  1.0
Dodging        | 3 |  3.4
Fighting       | |  3.0
Armour         | |  2.1

Action                   |  1- 3 |  4- 6 || total
-------------------------+-------+-------++-------
Melee: Falchion          |    77 |   141 ||   218
       Kick              |    19 |    38 ||    57
       Peck              |    12 |    23 ||    35
Invok: Berserk           |       |     4 ||     4
 Abil: Fly               |       |     4 ||     4
  Use: Scroll            |     3 |       ||     3
 Stab: Sleeping          |       |     1 ||     1
       Paralysed         |       |     1 ||     1
  Eat: Chunk             |     1 |     9 ||    10
Armor: Animal skin       |    32 |    43 ||    75
Dodge: Dodged            |    70 |   105 ||   175
       Rpst.: Falchion   |    23 |    31 ||    54

Table legend:
 A = Non-vault XP
 B = Vault XP
 C = Vault XP percentage of total XP
 D = Non-vault monster count
 E = Vault monster count
 F = Vault count percentage of total count
                 A         B        C        D         E       F
            +---------+---------+-------+---------+---------+-------
      Total |     254 |     265 |  51.1 |      72 |      31 |  30.1
            +---------+---------+-------+---------+---------+-------
        D:1 |      40 |       0 |   0.0 |      25 |       0 |   0.0
        D:2 |      83 |       0 |   0.0 |      31 |       0 |   0.0
        D:3 |     131 |     265 |  66.9 |      16 |      31 |  66.0
            +---------+---------+-------+---------+---------+-------
